 Dungeon Crawl Stone Soup version 0.25-a0-528-g6b7c99946c (webtiles) character file.

Game seed: 11484847490440434056, levelgen mode: deterministic

4 vurker the Gusty (level 1, 0/7 HPs)
             Began as a Felid Air Elementalist on Feb 20, 2020.
             Slain by a bat (1 damage)
             ... on level 1 of the Dungeon.
             The game lasted 00:00:24 (40 turns).

vurker the Gusty (Felid Air Elementalist)             Turns: 40, Time: 00:00:24

Health: 0/7        AC:  1    Str:  4    XL:     1   Next: 58%
Magic:  0/4        EV: 18    Int: 16    God:
Gold:   0          SH:  0    Dex: 16    Spells: 3/4 levels left
                                        Lives:  0   Deaths: 0

rFire    . . .     SeeInvis +   (weapon unavailable)
rCold    . . .     Gourm    .   (shield unavailable)
rNeg     . . .     Faith    .   (armour unavailable)
rPois    .         Spirit   .   (helmet unavailable)
rElec    .         Reflect  .   (cloak unavailable)
rCorr    .         Harm     .   (gloves unavailable)
MR       .....                  (boots unavailable)
Stlth    +++.......             (no amulet)
HPRegen  0.02/turn              (no ring)
MPRegen  0.09/turn              (no ring)

@: quick
A: very small, no armour, no weapons or thrown items, stealth, claws 1, fangs 3,
see invisible, carnivore, speed 1, shaggy fur 1, slow metabolism 1, sharp paws
a: no special abilities


You were on level 1 of the Dungeon.
You were not hungry.

You visited 1 branch of the dungeon, and saw 1 of its levels.

Inventory:

Comestibles
 e - a ration


   Skills:
 + Level 0.1 Fighting
 - Level 2.6 Dodging
 - Level 2.6 Stealth
 * Level 2.1 Spellcasting
 * Level 1.0 Conjurations
 * Level 2.8 Air Magic


You had 3 spell levels left.
You knew the following spells:

 Your Spells              Type           Power        Failure   Level  Hunger
a - Shock                 Conj/Air       #...         10%         1    #......

Your spell library contained the following spells:

 Spells                   Type           Power        Failure   Level  Hunger
 Swiftness                Chrm/Air       #.......     17%         2    ###....
 Static Discharge         Conj/Air       #.......     28%         3    ###....
 Airstrike                Air            ##........   54%         4    #####..
 Lightning Bolt           Conj/Air       #.........   95%         5    ######.


Dungeon Overview and Level Annotations

Branches:
Dungeon (1/15)

Altars:


Innate Abilities, Weirdness & Mutations

You cannot wear armour.
You are incapable of wielding weapons or throwing items.
Your paws allow you to move quietly. (Stealth)
You have sharp claws.
You have razor-sharp teeth.
You have supernaturally acute eyesight. (SInv)
You are carnivorous and can eat meat at any time.
You cover ground quickly.
You are covered in fur. (AC +1)
You have a slow metabolism.
Your sharp claws are effective at attacking unaware monsters.


Message History

A goblin comes into view. It is wielding a +0 dagger.
Aim: a hobgoblin (severely wounded)
The zap hits the goblin.
The goblin shouts!
The zap hits the hobgoblin.
You kill the hobgoblin!
Your Conjurations skill increases to level 1!
You hear an angry hiss.
A ball python comes into view.
Aim: a ball python (hasn't noticed you)
The zap misses the ball python.
The ball python hisses angrily.
You don't have enough magic to cast that spell.
You closely miss the goblin.
A frilled lizard comes into view.
The goblin closely misses you.
You closely miss the goblin. The goblin hits you with a +0 dagger.
You scratch the goblin.
You kill the goblin!
The ball python bites you. The ball python barely misses you.
You barely miss the ball python. The ball python misses you. x2
You scratch the ball python but do no damage.
The ball python completely misses you. The ball python closely misses you. x2
The ball python grabs you. The ball python constricts you.
You barely miss the ball python. The frilled lizard bites you.
* * * LOW HITPOINT WARNING * * *
The ball python barely misses you.
* * * LOW HITPOINT WARNING * * *
The ball python constricts you.
You escape the ball python's grasp.
That beam is likely to hit you.
Continue anyway?
Okay, then.
The zap hits the frilled lizard.
The zap hits the ball python. x2
You kill the ball python!
The zap hits the frilled lizard.
You kill the frilled lizard!
A bat comes into view.
Aim: a bat The zap misses the bat.
Aim: a bat The zap hits the bat.
The zap misses the bat.
The bat hits you.
* * * LOW HITPOINT WARNING * * *
You don't have enough magic to cast that spell.
You are too injured to fight recklessly!
You are too injured to fight recklessly!
You are too injured to fight recklessly!
You scratch the bat. The bat barely misses you. The bat closely misses you. x2
You closely miss the bat. Your bite misses the bat. The bat hits you.
You die...

#....# #...†.
.
##....####.#
...........
.........#
.........
####).......
##<#..[......
#@b..####....
##...# .
#####


You could see a bat.

Vanquished Creatures
  A goblin (D:1)
  A hobgoblin (D:1)
  A ball python (D:1)
  2 frilled lizards (D:1)
5 creatures vanquished.

Notes
Turn   | Place    | Note
-------+----------+-------------------------------------------
     0 | D:1      | vurker the Felid Air Elementalist began the quest for the
                  | Orb.
     0 | D:1      | Reached XP level 1. HP: 7/7 MP: 4/4
     4 | D:1      | Reached skill level 1 in Conjurations
    40 | D:1      | Slain by a bat

Levels and vault maps discovered:
D:1:      saegor_arrival_simple_a, layout_basic

Skill      XL: |  1 |
---------------+----+-----
Conjurations   | 1 |  1.0
Fighting       | |  0.1
Dodging        | |  2.6
Stealth        | |  2.6
Spellcasting   | |  2.1
Air Magic      | |  2.8

Action                   || total
-------------------------++-------
Melee: Unarmed           ||     8
 Cast: Shock             ||     7
Dodge: Dodged            ||    11

Table legend:
 A = Non-vault XP
 B = Vault XP
 C = Vault XP percentage of total XP
 D = Non-vault monster count
 E = Vault monster count
 F = Vault count percentage of total count
                 A         B        C        D         E       F
            +---------+---------+-------+---------+---------+-------
      Total |       7 |       0 |   0.0 |       5 |       0 |   0.0
            +---------+---------+-------+---------+---------+-------
        D:1 |       7 |       0 |   0.0 |       5 |       0 |   0.0
            +---------+---------+-------+---------+---------+-------
